 Dungeon Crawl Stone Soup version 0.20.0-1-g1cb1d84 (webtiles) character file.

7 welfe the Grave Robber (level 1, -1/15 HPs)
             Began as a Deep Dwarf Necromancer on May 27, 2017.
             Slain by a kobold
             ... wielding a +0 dagger
              (4 damage)
             ... on level 1 of the Dungeon.
             The game lasted 00:01:08 (235 turns).

welfe the Grave Robber (Deep Dwarf Necromancer)      Turns: 235, Time: 00:01:09

Health: -1/15      AC:  2    Str: 11    XL:     1   Next: 91%
Magic:  1/3        EV: 12    Int: 15    God:
Gold:   8          SH:  0    Dex: 13    Spells: 1/3 levels left

rFire    . . .     SeeInvis .   (no weapon)
rCold    . . .     Gourm    .   (no shield)
rNeg     . . .     Faith    .   a - +0 robe
rPois    .         Spirit   .   (no helmet)
rElec    .         Reflect  .   (no cloak)
rCorr    .         Harm     .   (no gloves)
MR       .....                  (no boots)
Stlth    ++........             (no amulet)
Regen    0.0/turn               (no ring)
MPRegen  0.1/turn               (no ring)

@: non-regenerating
A: damage resistance, heal wounds, sense surroundings 1, no regeneration
a: Heal Wounds


You were on level 1 of the Dungeon.
You were not hungry.

You visited 1 branch of the dungeon, and saw 1 of its levels.

You collected 8 gold pieces.

Inventory:

Armour
 a - a +0 robe (worn)
Scrolls
 d - a scroll of teleportation {unknown}
 e - a scroll of remove curse {unknown}
Books
 b - a book of Necromancy
Comestibles
 c - a bread ration
 f - 4 chunks of flesh


   Skills:
 - Level 2.1 Dodging
 - Level 2.4 Stealth
 - Level 1.7 Spellcasting
 * Level 4.9 Necromancy


You had one spell level left.
You knew the following spells:

 Your Spells              Type           Power        Failure   Level  Hunger
a - Pain                  Necr           ###.         3%          1    ##.....
A - Animate Skeleton      Necr           N/A          3%          1    ##.....


Dungeon Overview and Level Annotations

Branches:
Dungeon (1/15)

Altars:


Innate Abilities, Weirdness & Mutations

You are resistant to damage.
You can heal yourself by infusing magical energy.
You passively map a small area around you.
You do not regenerate.


Message History

The rat splashes around in the water.
The kobold hits you.
* * * LOW HITPOINT WARNING * * *
You take 2 damage, and have 5/15 hp.
You hit the kobold but do no damage. The kobold hits you but does no damage.
The rat misses you. The kobold hits you but does no damage.
You barely miss the kobold. The kobold hits you with a dagger.
* * * LOW HITPOINT WARNING * * *
The rat bites you but does no damage. The kobold hits you.
* * * LOW HITPOINT WARNING * * *
You take 2 damage, and have 3/15 hp.
You barely miss the kobold. The kobold closely misses you.
The rat bites you but does no damage. The kobold closely misses you.
You closely miss the kobold. The kobold hits you with a dagger.
The rat barely misses you. The kobold closely misses you.
You closely miss the kobold. The kobold barely misses you.
The rat splashes around in the water.
The kobold barely misses you.
You barely miss the kobold. The kobold closely misses you.
The rat bites you but does no damage. The kobold barely misses you.
You hit the kobold but do no damage. The kobold hits you with a dagger.
You die...

,, .............. ,
...≈.≈.≈.≈.≈.≈.≈.≈## #.
...................# . ,
...≈.≈.≈.≈.≈.≈.≈.≈.#####
,
#.................#≈≈≈♣
,, ,
#.≈.≈.≈.≈.≈.≈.≈.≈.#≈.P.
#.................#≈PPP
,
#.≈.≈Kr.≈.≈.≈.≈.≈.#≈.P.
*
#....K@(..........#♣...
#...≈.≈.≈.≈.≈.≈.#..≈...
#......##########.#♣...
#......# #.#≈.♣.
#......# #.#≈ ♣♣
#......# #.# ♣. #......#
#.# ≈≈♣ #......# #.#####
####### #..#...


You could see 2 kobolds and a rat.

Vault maps used:
D:1:      ldierk_walled_garden, kennysheep_crisscross

Notes
Turn   | Place    | Note
-------+----------+-------------------------------------------
     0 | D:1      | welfe the Deep Dwarf Necromancer began the quest for the Orb.
     0 | D:1      | Reached XP level 1. HP: 15/15 MP: 3/3
     6 | D:1      | Learned a level 1 spell: Animate Skeleton
   230 | D:1      | HP: 3/15 [kobold (1)]
   235 | D:1      | Identified a +0 dagger
   235 | D:1      | Slain by a kobold

Table legend:
 A = Turns spent in this place as a percentage of turns spent in the entire game.
 B = Non-inter-level travel turns spent in this place as a percentage of non-inter-level travel turns spent in the entire game.
 C = Inter-level travel turns spent in this place as a percentage of turns spent in this place.
 D = Turns resting spent in this place as a percentage of non-inter-level travel turns spent in this place.
 E = Turns spent auto-exploring this place as a percentage of non-inter-level travel turns spent in this place.
 F = Non-inter-level travel turns spent in this place divided by the number of levels of this place that you've seen.
                   A       B       C       D       E      F
               +-------+-------+-------+-------+-------+----------------------
         Total | 100.0 | 100.0 |   0.0 |   5.2 |  10.4 |  77.0
       Dungeon | 100.0 | 100.0 |   0.0 |   5.2 |  10.4 |  77.0
               +-------+-------+-------+-------+-------+----------------------

Table legend:
 A = Kills in this place as a percentage of kills in entire the game.
 B = Kills by you in this place as a percentage of kills by you in the entire game.
 C = Kills by friends in this place as a percentage of kills by friends in the entire game.
 D = Other kills in this place as a percentage of other kills in the entire game.
 E = Experience gained in this place as a percentage of experience gained in the entire game.
 F = Experience gained in this place divided by the number of levels of this place that you have seen.
                   A       B       C       D       E      F
               +-------+-------+-------+-------+-------+----------------------
         Total | 100.0 | 100.0 |  -nan |  -nan | 100.0 |  11.0
       Dungeon | 100.0 | 100.0 |  -nan |  -nan | 100.0 |  11.0
               +-------+-------+-------+-------+-------+----------------------

Action                   || total
-------------------------++-------
Melee: Unarmed           ||    30
 Cast: Pain              ||     9
 Stab: Sleeping          ||     1
Armor: Robe              ||     9
Dodge: Dodged            ||    26

Vanquished Creatures
  A dart slug (D:1)
  A hobgoblin (D:1)
  3 bats (D:1)
  A rat (D:1)
6 creatures vanquished.

Vanquished Creatures (others)
  5 toadstools (D:1)
5 creatures vanquished.

Grand Total: 11 creatures vanquished
